[Event "Team 45 45 League T23"]
[Site "Free Internet Chess Server"]
[Date "2004.06.27"]
[Round "3"]
[White "DaveTheRook"]
[Black "minkowski"]
[Result "0-1"]
[WhiteElo "1568"]
[BlackElo "1989"]
[TimeControl "2700+45"]

1. d4 d5 2. Nf3 Nf6 3. b3 Bf5 4. e3 e6 5. c4 Bb4+ 6. Bd2 Be7 7. h3 O-O 8. Nc3 Ne4 9. Be2 Nd7 10. O-O Ndf6 11. Nh4 Nxc3 12. Bxc3 Ne4 13. Nxf5 Nxc3 14. Nxe7+ Qxe7 15. Qc2 Nxe2+ 16. Qxe2 dxc4 17. Qxc4 Rfd8 18. Rfd1 Rd7 19. Rac1 Rad8 20. f4 g5 21. Qe2 Kh8 22. Rc5 gxf4 23. exf4 c6 24. Rh5 Qf6 25. Qe4 Qg6 26. Qe5+ Qg7 27. Qxg7+ Kxg7 28. Kf2 Rxd4 29. Rxd4 Rxd4 30. Ke3 Rd5 31. Rh4 h5 32. g4 Kg6 33. gxh5+ Rxh5 34. Rg4+ Kf5 35. Rg3 c5 36. a3 b6 37. Rf3 Rh4 38. a4 a6   {White forfeits on time} 0-1

[Event "Team 45 45 League T23"]
[Site "Free Internet Chess Server"]
[Date "2004.06.25"]
[Round "3"]
[White "twotowers"]
[Black "Valiantangel"]
[Result "1-0"]
[WhiteElo "1582"]
[BlackElo "1721"]
[TimeControl "2700+45"]

1. d4 d5 2. c4 e6 3. Nc3 Nf6 4. Bg5 Be7 5. e3 h6 6. Bh4 O-O 7. Nf3 Nbd7 8. Rc1 c6 9. Bd3 dxc4 10. Bxc4 Nd5 11. Bxe7 Qxe7 12. O-O Nxc3 13. Rxc3 e5 14. dxe5 Nxe5 15. Nxe5 Qxe5 16. Qb3 b5 17. Be2 Be6 18. Qa3 Bd5 19. Rc5 Qe6 20. b3 a5 21. Rfc1 Rfe8 22. Qb2 Qg6 23. Bf1 h5 24. Qe2 Qg5 25. g3 h4 26. Bg2 hxg3 27. hxg3 Qh6 28. Bxd5 cxd5 29. Qxb5 d4 30. exd4 Re4 31. Kg2 Rxd4 32. Rc8+ Rxc8 33. Rxc8+ Kh7 34. Qf5+ Qg6 35. Qxg6+ Kxg6 36. Rc6+ f6 37. Rc5 a4 38. Rc4 Rxc4 39. bxc4 Kf5 40. Kf3 Ke5 41. Ke3 g5 42. g4 f5 43. gxf5 Kxf5 44. Kd4 Kf4 45. c5 Kf3 46. c6 Kxf2 47. c7 g4 48. c8=Q g3 49. Qf5+ Ke2 50. Qe4+ Kf1 51. Qf3+   {Black resigns} 1-0

[Event "Team 45 45 League T23"]
[Site "Free Internet Chess Server"]
[Date "PDT.07.0"]
[Round "3"]
[White "fege"]
[Black "Bengbula"]
[Result "1/2-1/2"]
[WhiteElo "1943"]
[BlackElo "2000"]
[TimeControl "2700+45"]

1. e4 e6 2. d4 d5 3. Nc3 Nf6 4. Bg5 Bb4 5. e5 h6 6. Bd2 Bxc3 7. bxc3 Ne4 8. Qg4 g6 9. Bd3 Nxd2 10. Kxd2 c5 11. h4 Qa5 12. Rh3 Nc6 13. Bxg6 Nxd4 14. Kc1 Rg8 15. Bxf7+ Kxf7 16. Qf4+ Nf5 17. g4 Ke8 18. gxf5 Rxg1+ 19. Kd2 Rxa1 20. f6 Qa3 21. f7+ Kd7 22. Ke2 b6 23. c4 Qxa2 24. f8=Q Qxc2+ 25. Qd2 Qxc4+ 26. Qd3 Qc2+ 27. Qxc2 Ba6+ 28. Kd2 Rxf8 29. Qh7+ Kc6 30. f3 Rf4 31. Qxh6 Rd4+ 32. Ke3 Re1+ 33. Kf2 Rxe5 34. Qh8 Re2+ 35. Kg3 Bd3 36. Rh1 a5 37. Qe8+ Kb7 38. h5 e5 39. h6 Ka6 40. h7 Bxh7 41. Rxh7 Rd1 42. Kg4 Rg2+ 43. Kf5 Rd3 44. Rh6 Rxf3+ 45. Ke6 Rgf2 46. Kxd5 Rf8 47. Qc6 Rb2 48. Qg6 Rd8+ 49. Kc6 Rbd2 50. Rh7 R2d6+ 51. Qxd6 Rxd6+ 52. Kxd6 a4 53. Kc6 Ka5 54. Rb7 a3 55. Rxb6 a2 56. Rb8 Ka4 57. Kxc5 Ka3   {Game drawn by mutual agreement} 1/2-1/2

[Event "Team 45 45 League T23"]
[Site "Free Internet Chess Server"]
[Date "2004.06.30"]
[Round "3"]
[White "Nogger"]
[Black "Struggler"]
[Result "1-0"]
[WhiteElo "1980"]
[BlackElo "1888"]
[TimeControl "2700+45"]

1. Nf3 d5 2. b3 c5 3. Bb2 e6 4. g3 Nf6 5. Bg2 Nc6 6. d4 Be7 7. O-O O-O 8. Nbd2 b6 9. c4 Bb7 10. e3 Qc7 11. Rc1 Nb4 12. Ra1 Rac8 13. Ne5 Rfd8 14. a3 Nc6 15. Rc1 cxd4 16. cxd5 Nxd5 17. exd4 Qb8 18. Qe2 Nxe5 19. dxe5 Bg5 20. Rxc8 Qxc8 21. Rc1 Qd7 22. Rc2 Rc8 23. Ne4 Be7 24. Rd2 h6 25. h4 Bf8 26. Qg4 Kh8 27. Kh2 Qc7 28. Nd6 Rb8 29. Qf3 Bxd6 30. exd6 Qd7 31. Qg4 f6 32. Bxd5 f5 33. Bxe6 fxg4 34. Bxd7 Rd8 35. Bxg4 Re8 36. d7 Re1 37. d8=Q+ Kh7 38. Bf5+ g6 39. Qh8#   {Black checkmated} 1-0

[Event "Team 45 45 League T23"]
[Site "Free Internet Chess Server"]
[Date "2004.06.23"]
[Round "3"]
[White "twinders"]
[Black "reck"]
[Result "1/2-1/2"]
[WhiteElo "1678"]
[BlackElo "1851"]
[TimeControl "2700+45"]

1. d4 Nf6 2. Bf4 g6 3. Nf3 Bg7 4. c4 c5 5. Nc3 cxd4 6. Nxd4 d6 7. Nf3 Nc6 8. Qd2 Bf5 9. a3 O-O 10. Bh6 Ne5 11. Nxe5 dxe5 12. Qxd8 Rfxd8 13. Bxg7 Kxg7 14. e3 Bc2 15. Be2 Rac8 16. b4 b6 17. O-O Bb3 18. Nb5 a6 19. Nc3 Bxc4 20. Bxc4 Rxc4 21. Na4 Rc6 22. Rac1 Rdd6 23. f3 e4 24. Kf2 exf3 25. gxf3 Rxc1 26. Rxc1 b5 27. Nc5 Rd2+ 28. Kg1 Ra2 29. Rc3 Nd5 30. Rd3 Nb6 31. Nxa6 Nc4 32. Nc7 Rxa3 33. Rxa3 Nxa3 34. Kf2 Nc2 35. Nxb5 Nxb4 36. Kg3 Kf6 37. Nc3 e5 38. Ne4+ Ke6 39. Ng5+ Kf5 40. Nxh7 Nc6 41. e4+ Ke6 42. Ng5+ Ke7 43. Kg4 f6 44. Nh3 Nd4 45. Nf2 f5+ 46. exf5 gxf5+ 47. Kg3 Kf6 48. Nd3 Nxf3 49. Kxf3 e4+ 50. Ke3 exd3 51. Kxd3 Kg5 52. Ke3 Kg4 53. Kf2 f4 54. h3+ Kxh3 55. Kf3 Kh4 56. Kxf4   {Neither player has mating material} 1/2-1/2

[Event "Team 45 45 League T23"]
[Site "Free Internet Chess Server"]
[Date "2004.06.27"]
[Round "3"]
[White "kethury"]
[Black "raven"]
[Result "0-1"]
[WhiteElo "2086"]
[BlackElo "2397"]
[TimeControl "2700+45"]

1. e4 c5 2. Nf3 d6 3. d4 cxd4 4. Nxd4 Nf6 5. Nc3 g6 6. Be3 Bg7 7. f3 Nc6 8. Qd2 O-O 9. Bc4 Bd7 10. O-O-O Qa5 11. h4 Rfc8 12. Bb3 Ne5 13. Nde2 b5 14. Bh6 Be6 15. Bxe6 fxe6 16. Bxg7 Kxg7 17. a3 Nc4 18. Qg5 Rc5 19. Qg3 b4 20. Nb1 bxa3 21. Nxa3 Nxa3 22. bxa3 Rac8 23. Nd4 Qxa3+ 24. Kd2 Nxe4+   {White resigns} 0-1

[Event "Team 45 45 League T23"]
[Site "Free Internet Chess Server"]
[Date "2004.06.29"]
[Round "3"]
[White "Bobbysch"]
[Black "Hony"]
[Result "1-0"]
[WhiteElo "2117"]
[BlackElo "1996"]
[TimeControl "2700+45"]

1. e4 e6 2. d4 d5 3. Nc3 Bb4 4. e5 c5 5. Bd2 cxd4 6. Nb5 Bc5 7. Qg4 Ne7 8. Qxg7 Rg8 9. Qxh7 a6 10. Na3 Qb6 11. O-O-O Nbc6 12. f4 Bxa3 13. bxa3 Bd7 14. Nf3 Rf8 15. Ng5 Nf5 16. Qh3 Ne3 17. Bxe3 dxe3 18. Nh7 Qc5 19. Nf6+ Kd8 20. Rxd5 Qxa3+ 21. Kd1 Nb8 22. Rd3 Qxa2 23. Qh6 Qb1+ 24. Ke2 Qxc2+ 25. Kf3 Qc5 26. Rd6 Re8 27. Qh4 Kc8 28. Nxe8 Bc6+ 29. Kg4 Nd7 30. Qh8 Qc2 31. Nf6+ Kc7 32. Rxd7+ Bxd7 33. Qxa8 e2 34. Bxe2 Qxe2+ 35. Kh3 Qe3+ 36. g3 Bc6 37. Rd1 Kb6 38. Qd8+   {Black resigns} 1-0

[Event "Team 45 45 League T23"]
[Site "Free Internet Chess Server"]
[Date "2004.06.27"]
[Round "3"]
[White "ElOso"]
[Black "Epsi"]
[Result "1-0"]
[WhiteElo "1987"]
[BlackElo "1808"]
[TimeControl "2700+45"]

1. d4 Nf6 2. c4 g6 3. Nc3 Bg7 4. e4 d6 5. Nf3 O-O 6. Be2 Nc6 7. d5 Nb8 8. O-O e5 9. Ne1 Ne8 10. Be3 f5 11. f3 f4 12. Bf2 b6 13. b4 Nd7 14. Nd3 Qe7 15. Na4 Ba6 16. Rc1 h5 17. c5 Kh8 18. Nxf4 exf4 19. Bxa6 Ne5 20. Bb5 Nf6 21. cxd6 cxd6 22. Nb2 g5 23. Nd3 Nxd3 24. Qxd3 g4 25. e5 Qxe5 26. Rc7 Qg5 27. Bd4 g3 28. h3 Rfc8 29. Rf7 Rf8 30. Bxf6   {Black resigns} 1-0

[Event "Team 45 45 League T23"]
[Site "Free Internet Chess Server"]
[Date "PDT.07.0"]
[Round "3"]
[White "AlesD"]
[Black "JoveUranium"]
[Result "0-1"]
[WhiteElo "1633"]
[BlackElo "1914"]
[TimeControl "2700+45"]

1. d4 Nf6 2. e3 c5 3. c3 e6 4. Bd3 d5 5. Nf3 Nbd7 6. O-O Be7 7. Re1 c4 8. Bc2 O-O 9. Nbd2 b5 10. e4 b4 11. e5 Ne8 12. Nf1 Rb8 13. h4 Bxh4 14. Nxh4 Qxh4 15. Re3 bxc3 16. bxc3 f5 17. exf6 Qxf6 18. Rf3 Qe7 19. Bxh7+ Kxh7 20. Rh3+ Kg8 21. Qh5 Nef6 22. Qh8+ Kf7 23. Qh4 Ke8 24. a4 Ne4 25. Qxe7+ Kxe7 26. Ba3+ Nd6 27. Ne3 Nf6 28. Rf3 a5 29. Re1 Kd7 30. Ng4 Rb6 31. Ne5+ Kc7 32. Bc5 Rb2 33. Ra1 Nd7 34. Rxf8 Nxf8 35. Nf7 Nxf7 36. Bxf8 g5 37. Ba3 Rc2   {White resigns} 0-1

[Event "Team 45 45 League T23"]
[Site "Free Internet Chess Server"]
[Date "2004.06.27"]
[Round "3"]
[White "Atreus"]
[Black "mandragora"]
[Result "0-1"]
[WhiteElo "1757"]
[BlackElo "1827"]
[TimeControl "2700+45"]

1. e4 e5 2. f4 exf4 3. Nf3 g5 4. h4 g4 5. Ne5 Nf6 6. Bc4 d5 7. exd5 Bd6 8. d4 O-O 9. Bxf4 Nh5 10. Bg5 f6 11. Nxg4 Qe8+ 12. Kd2 fxg5 13. Nh6+ Kg7 14. hxg5 Rf2+ 15. Kc3 Qe3+ 16. Qd3 Qxd3+ 17. Bxd3 Nf4 18. Be4 Nxg2 19. Bxh7 Nf4 20. Be4 Ne2+ 21. Kd3 Ng3 22. Rh4 Nxe4 23. Rxe4 Kg6 24. Nc3 Na6 25. a3 Bd7 26. Rg1 Raf8 27. Re3 Nb8 28. Ne4 Bf4 29. Nxf2 Bxg5 30. Ne4 Kxh6 31. Rxg5 Bf5 32. Reg3 Nd7 33. Rg2 Bxe4+ 34. Kxe4 Nf6+ 35. Ke5 Nh5 36. Rf5 Re8#   {White checkmated} 0-1

[Event "Team 45 45 League T23"]
[Site "Free Internet Chess Server"]
[Date "2004.06.26"]
[Round "3"]
[White "adingod"]
[Black "TGV"]
[Result "1-0"]
[WhiteElo "1850"]
[BlackElo "1800"]
[TimeControl "2700+45"]

1. d4 Nf6 2. Nf3 g6 3. g3 Bg7 4. Bg2 d6 5. O-O O-O 6. c4 c5 7. Nc3 e6 8. dxc5 dxc5 9. Bf4 Nfd7 10. Qc1 a6 11. Bh6 Qe7 12. Bxg7 Kxg7 13. Qf4 Nc6 14. Rad1 Rb8 15. Rd2 b5 16. Rfd1 e5 17. Qh4 Qxh4 18. Nxh4 Nd4 19. cxb5 Nb6 20. bxa6 Bxa6 21. b3 Rfd8 22. e3 Ne6 23. Rd6 Kf8 24. Nf3 Rxd6 25. Rxd6 Ke7 26. Rxb6 Rxb6 27. Nd5+ Kd6 28. Nxb6 f6 29. h4 Nc7 30. a4 e4 31. Nd2 f5 32. Ndc4+ Ke6 33. g4 Nd5 34. Nxd5 Kxd5 35. gxf5 gxf5 36. f3 Bb7 37. fxe4+ fxe4 38. Bxe4+ Kxe4 39. Nd6+ Kxe3 40. Nxb7 Kd4 41. a5 Kd5 42. a6 Kc6 43. Nxc5   {Black resigns} 1-0

[Event "Team 45 45 League T23"]
[Site "Free Internet Chess Server"]
[Date "2004.06.28"]
[Round "3"]
[White "Nervy"]
[Black "Chessmaniopathic"]
[Result "1-0"]
[WhiteElo "1624"]
[BlackElo "1723"]
[TimeControl "2700+45"]

1. e4 c5 2. Nf3 d6 3. d4 cxd4 4. Nxd4 Nc6 5. Nc3 a6 6. Be2 g6 7. Be3 Bg7 8. Qd2 Bd7 9. f3 Nf6 10. O-O-O O-O 11. g4 Ne8 12. h4 Nc7 13. h5 Ne6 14. Nxc6 bxc6 15. hxg6 fxg6 16. Bh6 Rf7 17. Bc4 Qb6 18. f4 Rb8 19. Bb3 c5 20. Nd5 Qb7 21. Bxg7 Rxg7 22. c3 c4 23. Bxc4 Nxf4 24. Nxf4+ e6 25. Nxe6 Bxe6 26. Bxe6+ Kh8 27. Rh2 Qxe4 28. Re2 Qf3 29. Qxd6 Re8 30. Red2 Qe3 31. Bb3 Ree7 32. Qd4   {Black resigns} 1-0

[Event "Team 45 45 League T23"]
[Site "Free Internet Chess Server"]
[Date "2004.06.25"]
[Round "3"]
[White "ggrayggray"]
[Black "Galleta"]
[Result "1-0"]
[WhiteElo "1716"]
[BlackElo "1666"]
[TimeControl "2700+45"]

1. e4 d5 2. exd5 Nf6 3. c4 c6 4. d4 cxd5 5. Nc3 Bg4 6. Qb3 Qb6 7. Qxb6 axb6 8. Nxd5 Nxd5 9. cxd5 Ra5 10. Bc4 g6 11. h3 Bf5 12. Nf3 Be4 13. b4 Ra7 14. Ne5 e6 15. Bb5+ Ke7 16. d6+ Kf6 17. Ng4+ Kg7 18. Bh6+   {Black resigns} 1-0